 Dungeon Crawl Stone Soup version 0.29.1-1-gd02db6906a (webtiles) character file.

Game seed: 1255995551739258487

7 Kainabel the Trooper (level 2, -2/27 HPs)
             Began as a Hill Orc Berserker on Oct 22, 2022.
             Was a Follower of Trog.
             Slain by a rat (3 damage)
             ... on level 1 of the Dungeon.
             The game lasted 00:03:41 (281 turns).

Kainabel the Trooper (Hill Orc Berserker)            Turns: 281, Time: 00:03:42

Health: -2/27      AC:  2    Str: 19    XL:     2   Next: 0%
Magic:  2/2        EV: 12    Int:  7    God:    Trog [*.....]
Gold:   38         SH:  0    Dex: 10    Spells: 1/1 levels left

rFire   . . .      SeeInvis .   a - +0 mace
rCold   . . .      Faith    .   (no shield)
rNeg    . . .      Spirit   .   b - +0 animal skin
rPois   .          Reflect  .   (no helmet)
rElec   .          Harm     .   (no cloak)
rCorr   .          Rampage  .   (no gloves)
Will    .....                   (no boots)
Stlth   +.........              (no amulet)
HPRegen 0.09/turn               (no ring)
MPRegen 0.08/turn               (no ring)

@: on berserk cooldown, slowed, very slow
A: no striking features
a: Renounce Religion, Berserk


You were on level 1 of the Dungeon.
You worshipped Trog.
Trog was aware of your devotion.
You visited 1 branch of the dungeon, and saw 1 of its levels.

You collected 38 gold pieces.

Inventory:

Hand Weapons
 a - a +0 mace (weapon)
Armour
 b - a +0 animal skin (worn)
Scrolls
 d - a scroll of acquirement {unknown}
Potions
 c - a potion of cancellation {unknown}
 e - a potion of attraction {unknown}


   Skills:
 + Level 3.9 Fighting
 + Level 3.5 Maces & Flails
 + Level 2.2 Armour
 + Level 1.6 Dodging


You had one spell level left.
You didn't know any spells.
Your spell library was empty.

Dungeon Overview and Level Annotations

Branches:
Dungeon (1/15)

Altars:


Message History

You feel your anger nearly subside.
You are no longer berserk.
You are exhausted.
You feel yourself slow down. The frilled lizard bites you.
You hit the rat.
The rat is heavily wounded.
The frilled lizard bites you but does no damage.
The rat bites you. x2; The frilled lizard misses you.
You hit the rat but do no damage.
The rat is heavily wounded.
The rat bites you. The endoplasm misses you.
The frilled lizard bites you but does no damage.
The endoplasm attacks as you move away! The endoplasm hits you.
The rat completely misses you. The endoplasm freezes you.
You are frozen.
The rat closely misses you. The frilled lizard bites you.
You barely miss the endoplasm. The endoplasm hits you.
The frilled lizard bites you.
* * * LOW HITPOINT WARNING * * *
The rat bites you.
* * * LOW HITPOINT WARNING * * *
The endoplasm freezes you.
You are frozen.
* * * LOW HITPOINT WARNING * * *
The rat bites you.
* * * LOW HITPOINT WARNING * * *
The frilled lizard bites you but does no damage.
You closely miss the frilled lizard. The endoplasm hits you.
* * * LOW HITPOINT WARNING * * *
The frilled lizard hisses.
The frilled lizard bites you but does no damage.
The rat closely misses you. The endoplasm barely misses you.
The rat barely misses you.
The frilled lizard bites you but does no damage.
You hit the endoplasm.
The endoplasm is severely wounded.
The endoplasm closely misses you. The frilled lizard bites you.
* * * LOW HITPOINT WARNING * * *
The rat barely misses you. The rat bites you.
You die...

...##....#...########
.........#.........###...
......... #).............
........# #..............
........###..............
........#................
.......)#...........#....
.......r#...........#....
...$...J@...........)....
.......l.................
.........................
............##...........
............##..........#
............##..(..######
...#....#...##.##### #
#..........###.# #


You could see an endoplasm, a frilled lizard and a rat.

Vanquished Creatures
  An endoplasm (D:1)
  A giant cockroach (D:1)
  2 goblins (D:1)
  A ball python (D:1)
  A kobold (D:1)
6 creatures vanquished.

Notes
Turn   | Place    | Note
-------+----------+-------------------------------------------
     0 | D:1      | Kainabel the Hill Orc Berserker began the quest for the
                  | Orb.
     0 | D:1      | Reached XP level 1. HP: 19/19 MP: 1/1
   270 | D:1      | Reached XP level 2. HP: 23/27 MP: 2/2
   281 | D:1      | HP: 1/27 [frilled lizard (1)]
   281 | D:1      | Slain by a rat

Illustrated notes

Levels and vault maps discovered:
D:1:      minmay_arrival_four_loops, layout_basic,
          hellmonk_ecumenical_altar_run_dry, minmay_statues_item,
          serial_bayou_pond_b, skrybe_limestone_x

Action                   || total
-------------------------++-------
Melee: Mace              ||    13
Invok: Berserk           ||     1
Armor: Animal skin       ||     5
Dodge: Dodged            ||    12
